[Event "Titled Tuesday Blitz May 03 Late 2022"]
[White "Yang, Cayden"]
[Black "Pakleza, Zbigniew"]
[WhiteFideId "30967260"]
[BlackFideId "1119290"]
[WhiteElo "2470"]
[BlackElo "2467"]
[Result "0-1"]
[Round "01"]
[TimeControl "180+1"]
[Date "2022.05.03"]
[WhiteClock "0:00:20"]
[BlackClock "0:00:08"]

1. e4 d6 2. g3 Nf6 3. Bg2 c6 4. Ne2 e5 5. O-O Be7 6. d4 O-O 7. a4 a5 8. Na3 Nbd7 9. h3 Qc7 10. b3 Re8 11. Re1 Bf8 12. Nc3 Nb6 13. Bg5 Be7 14. Qd2 Be6 15. Kh2 Rad8 16. f4 h6 17. Bh4 exf4 18. gxf4 Nxe4 19. Bxe4 Bxh4 20. Rg1 d5 21. Bd3 Nc8 22. Kh1 f5 23. Qg2 Bf6 24. Ne2 Qf7 25. Ng3 Nd6 26. Rae1 Bxd4 27. Rgf1 Ne4 28. Nb1 Qg6 29. Rf3 Bc8 30. Ref1 Re7 31. h4 Rde8 32. h5 Qg4 33. Ne2 Qxg2+ 34. Kxg2 Nf6 35. Ng3 Ng4 36. Kh3 Ne3 37. Re1 Bb6 38. Nd2 Kf7 39. Rf2 Nxc2 40. Rxe7+ Rxe7 41. Rf1 Ne3 42. Re1 Kf6 43. Re2 Ng4 44. Rxe7 Kxe7 45. Bxf5 Nf2+ 46. Kg2 Bxf5 47. Nxf5+ Kf6 48. Ng3 Ng4 49. Kf3 Ne3 50. Ne2 Nf5 51. Kg4 Bc5 52. Nf3 Ne3+ 53. Kg3 Nc2 54. Ne5 Ke6 55. Kf3 Nd4+ 56. Nxd4+ Bxd4 57. Nd3 Bb6 58. Ne1 Bc7 59. Nd3 Bd6 60. Ke3 b5 61. Kd4 bxa4 62. bxa4 Kf5 63. Ke3 c5 64. Kf3 c4 65. Nf2 Bxf4 66. Nd1 d4 67. Nb2 c3 68. Nd3 c2 69. Ke2 c1=Q 70. Nxc1 Bxc1 0-1


[Site "https://www.chess.com"]

[Event "Titled Tuesday Blitz May 03 Late 2022"]
[White "Yaran, Siar"]
[Black "Szalay, Karoly"]
[WhiteFideId "6323006"]
[BlackFideId "2600544"]
[WhiteElo "1977"]
[BlackElo "2427"]
[Result "1-0"]
[Round "01"]
[TimeControl "180+1"]
[Date "2022.05.03"]
[WhiteClock "0:00:11"]
[BlackClock "0:00:20"]

1. e4 e5 2. Nf3 Nc6 3. Bc4 Nf6 4. d3 Bc5 5. c3 d6 6. O-O a6 7. a4 h6 8. Re1 O-O 9. h3 Be6 10. Nbd2 Qd7 11. Bxe6 fxe6 12. Nf1 Nh5 13. Be3 Nf4 14. Bxc5 dxc5 15. Re3 Rad8 16. Qb3 Na5 17. Qa3 Qd6 18. b4 cxb4 19. Qxb4 Qxb4 20. cxb4 Nc6 21. b5 axb5 22. axb5 Nd4 23. Nxe5 Nc2 24. Ra7 Nxe3 25. Nxe3 Nxd3 26. Nxd3 Rxd3 27. Rxb7 Rb3 28. Rxc7 Rxb5 29. Rc2 Rb4 30. f3 Rd8 31. h4 Rb3 32. Kf2 Rdd3 33. Ng4 Rbc3 34. Ra2 Rc5 35. Ne3 Kh7 36. Ra6 Rcc3 37. Ng4 Rd2+ 38. Kg3 Rcc2 39. Ne3 Rc3 40. Ng4 h5 41. Ne5 Rcc2 42. Rxe6 Rxg2+ 43. Kf4 Rc8 44. Ke3 Rh2 45. Ng6 Rc1 46. f4 Re1+ 47. Kd4 Rd2+ 48. Ke5 Rd8 49. f5 Rg1 50. Re7 Kg8 51. Ke6 Ra8 52. Rd7 Rg4 53. e5 Re8+ 54. Kd5 Rg1 55. e6 Rf1 56. Ke5 Re1+ 57. Kf4 Rf1+ 58. Kg5 Ra8 59. Ne7+ Kh7 60. Kxh5 Rf8 61. Kg5 Rf6 62. Rd5 Rg1+ 63. Kf4 Rh1 64. Ng6 Rf1+ 65. Kg5 Re1 66. Rd8 Rg1+ 67. Kf4 Rgxg6 68. e7 Rh6 69. e8=Q Rxh4+ 70. Kg5 Rxf5+ 71. Kxf5 1-0


[Site "https://www.chess.com"]

[Event "Titled Tuesday Blitz May 03 Late 2022"]
[White "Yedidia, Daniel"]
[Black "Coelho, Ramyres Santana"]
[WhiteFideId "30905907"]
[BlackFideId "2120690"]
[WhiteElo "2570"]
[BlackElo "1888"]
[Result "1-0"]
[Round "01"]
[TimeControl "180+1"]
[Date "2022.05.03"]
[WhiteClock "0:00:14"]
[BlackClock "0:00:04"]

1. d4 Nf6 2. c4 g6 3. Nc3 d5 4. cxd5 Nxd5 5. Bd2 Bg7 6. e4 Nxc3 7. Bxc3 c5 8. d5 Bxc3+ 9. bxc3 Qa5 10. Qd2 O-O 11. h4 e6 12. h5 exd5 13. hxg6 fxg6 14. Qxd5+ Rf7 15. Ne2 Qc7 16. Ng3 Qf4 17. Qxc5 Nc6 18. Bc4 Bg4 19. Bxf7+ Qxf7 20. O-O Rf8 21. Qe3 h5 22. Ne2 Ne5 23. f3 Be6 24. Nd4 Bc4 25. Rfd1 Qf6 26. Rab1 b6 27. Rb4 Qh4 28. Qf2 Qxf2+ 29. Kxf2 Nd3+ 30. Ke3 Nxb4 31. cxb4 Bxa2 32. Ra1 Bc4 33. Rxa7 Rf7 34. Rxf7 Kxf7 35. Nc6 Bf1 36. g3 g5 37. Nd4 h4 38. gxh4 gxh4 39. Kf2 Bh3 40. Ne2 Bd7 41. Nf4 h3 42. Kg3 Ke7 43. Nxh3 Kd6 44. Nf4 Ke5 45. Nd5 b5 46. Kf2 Bc6 47. Ke3 Bxd5 48. exd5 Kxd5 49. f4 Kc4 50. f5 Kd5 51. Kf4 Kc4 52. f6 Kxb4 53. f7 Kc3 54. f8=Q b4 55. Qc5+ Kb3 56. Ke3 Ka4 57. Kd3 Kb3 58. Qb6 Ka3 59. Kc4 Ka2 60. Qxb4 Ka1 61. Kc3 Ka2 62. Qb2# 1-0


[Site "https://www.chess.com"]

[Event "Titled Tuesday Blitz May 03 Late 2022"]
[White "Zanette, Edgard Vinicius"]
[Black "Stoleriu, George"]
[WhiteFideId "2109263"]
[BlackFideId "1227505"]
[WhiteElo "2182"]
[BlackElo "2178"]
[Result "0-1"]
[Round "01"]
[TimeControl "180+1"]
[Date "2022.05.03"]
[WhiteClock "0:00:29"]
[BlackClock "0:00:52"]

1. e4 e6 2. d4 d5 3. Nc3 Bb4 4. e5 c5 5. Bd2 Ne7 6. f4 Nbc6 7. Nf3 Qb6 8. Na4 Qa5 9. c3 b5 10. cxb4 Qxa4 11. Qxa4 bxa4 12. dxc5 a6 13. Bd3 O-O 14. a3 Bd7 15. Bc3 Nb8 16. Nd4 Nec6 17. Nf3 Na7 18. Kd2 Bb5 19. Bc2 Nbc6 20. b3 axb3 21. Bxb3 Bc4 22. Bc2 Rab8 23. Rhb1 Rb7 24. Bd4 Rfb8 25. Bd3 Nb5 26. Bf2 a5 27. Bxc4 dxc4 28. bxa5 Nxa5 29. Ke1 Nb3 30. Ra2 Nc3 31. Rab2 Nxb1 32. Rxb1 Nxc5 33. Rxb7 Nd3+ 34. Kd2 Rxb7 35. Bd4 Rb3 36. a4 Ra3 37. Bc3 Rxa4 38. Nh4 Nxf4 39. g3 Nd5 0-1


[Site "https://www.chess.com"]

[Event "Titled Tuesday Blitz May 03 Late 2022"]
[White "Zhang, Derek"]
[Black "Castillo Pena, Patricia Evarista"]
[WhiteFideId "2087871"]
[BlackFideId "6412106"]
[WhiteElo "2085"]
[BlackElo "1918"]
[Result "1-0"]
[Round "01"]
[TimeControl "180+1"]
[Date "2022.05.03"]
[WhiteClock "0:02:41"]
[BlackClock "0:02:19"]

1. f4 d5 2. Nf3 c5 3. e3 Nc6 4. b3 Nf6 5. Bb2 Bg4 6. Bb5 Rc8 7. O-O e6 8. d3 Bd6 9. Nbd2 O-O 10. Bxc6 Rxc6 11. Qe1 b5 12. Qg3 Bxf3 13. Nxf3 c4 14. Nd4 Rb6 15. Rae1 Qc7 16. Nxb5 Rxb5 17. Bxf6 g6 18. Qg5 Rc8 19. dxc4 dxc4 20. Qxb5 1-0


[Site "https://www.chess.com"]

[Event "Titled Tuesday Blitz May 03 Late 2022"]
[White "Zhigalko, Sergei"]
[Black "Dobre, Claudiu-Cristian"]
[WhiteFideId "13502956"]
[BlackFideId "1211854"]
[WhiteElo "2662"]
[BlackElo "2207"]
[Result "1-0"]
[Round "01"]
[TimeControl "180+1"]
[Date "2022.05.03"]
[WhiteClock "0:00:08"]
[BlackClock "0:00:09"]

1. e4 e5 2. Nf3 Nf6 3. d4 Nxe4 4. Bd3 Nc6 5. d5 Nf6 6. dxc6 e4 7. cxb7 Bxb7 8. Be2 exf3 9. Bxf3 Bxf3 10. Qxf3 Bc5 11. O-O O-O 12. Bg5 h6 13. Bh4 c6 14. Nd2 d5 15. Nb3 Be7 16. Nd4 Qd7 17. Nf5 Rae8 18. Rae1 Bd8 19. Nxh6+ gxh6 20. Bxf6 Bxf6 21. Qxf6 Re6 22. Rxe6 Qxe6 23. Qd4 Rb8 24. b3 Rb7 25. h3 Re7 26. Rd1 Qe4 27. Qxe4 Rxe4 28. Kf1 Kg7 29. Re1 Rd4 30. Ke2 a5 31. c3 Rf4 32. f3 h5 33. Kf2 h4 34. Re8 a4 35. Ke3 Rf6 36. b4 Rg6 37. Kf2 Rd6 38. Re2 d4 39. Rd2 c5 40. bxc5 dxc3 41. Rc2 Rc6 42. Rxc3 Kf6 43. Rc4 Ke5 44. Rxh4 Rxc5 45. Rxa4 Rc2+ 46. Kg3 f5 47. h4 Kf6 48. Ra6+ Ke5 49. Ra5+ Kf6 50. a4 f4+ 51. Kh3 Rc1 52. Kg4 Rg1 53. Ra6+ Ke5 54. Ra5+ Kd4 55. Kxf4 Rxg2 56. h5 Rh2 57. Kg5 Kc4 58. Kg6 Kb4 59. Rg5 Kxa4 60. h6 Rb2 61. h7 Rb6+ 62. Kg7 Rb7+ 63. Kh6 Rb8 64. Rg8 Rb1 65. h8=Q Rh1+ 66. Kg7 1-0


[Site "https://www.chess.com"]

[Event "Titled Tuesday Blitz May 03 Late 2022"]
[White "Zhou, Qiyu"]
[Black "Bordi, Kevin"]
[WhiteFideId "505161"]
[BlackFideId "621862"]
[WhiteElo "1925"]
[BlackElo "2643"]
[Result "0-1"]
[Round "01"]
[TimeControl "180+1"]
[Date "2022.05.03"]
[WhiteClock "0:00:23"]
[BlackClock "0:00:41"]

1. e4 d5 2. exd5 Qxd5 3. Nc3 Qa5 4. Bc4 Nf6 5. d3 c6 6. Bd2 Qc7 7. Qe2 Nbd7 8. O-O-O b5 9. Bb3 a5 10. a4 Nc5 11. Kb1 Nxb3 12. cxb3 bxa4 13. bxa4 e6 14. f4 Rb8 15. Ka1 Qb7 16. Bc1 Qb3 17. Nf3 Bc5 18. Nd2 Qb4 19. Nde4 Bd4 20. Qc2 Nxe4 21. dxe4 O-O 22. Na2 Qb6 23. Rd3 Ba6 24. Rh3 Bc4 25. e5 g6 26. Rd1 Rfd8 27. f5 Bxb2+ 28. Bxb2 Rxd1+ 29. Bc1 Bxa2 30. Kxa2 exf5 31. Bb2 Qxb2+ 32. Qxb2 Rxb2+ 33. Kxb2 Rd2+ 34. Kb3 Rxg2 35. Rc3 f4 36. Rxc6 f3 37. Rf6 f2 38. Kc4 Rxh2 39. Kb5 g5 40. Kxa5 g4 41. Kb6 g3 42. a5 g2 43. a6 g1=Q 44. a7 f1=Q+ 0-1


[Site "https://www.chess.com"]

[Event "Titled Tuesday Blitz May 03 Late 2022"]
[White "Zlatin, Alexander"]
[Black "Kazakouski, Valery"]
[WhiteFideId "2810549"]
[BlackFideId "13507443"]
[WhiteElo "2228"]
[BlackElo "2524"]
[Result "1/2-1/2"]
[Round "01"]
[TimeControl "180+1"]
[Date "2022.05.03"]
[WhiteClock "0:00:11"]
[BlackClock "0:00:07"]

1. d4 Nf6 2. Nc3 d5 3. Bf4 c5 4. e3 cxd4 5. exd4 a6 6. Nf3 Bg4 7. Be2 Bxf3 8. Bxf3 Nc6 9. Ne2 Qb6 10. b3 e6 11. O-O Be7 12. c4 O-O 13. c5 Qd8 14. Rc1 b6 15. cxb6 Qxb6 16. Qd2 Rfc8 17. Rfd1 Ba3 18. Rc2 Nb4 19. Rc3 Rc6 20. Rxc6 Qxc6 21. h4 Rc8 22. h5 Qc2 23. h6 Qxd2 24. Rxd2 g6 25. Bg5 Ne8 26. Be7 f6 27. Nf4 Rc1+ 28. Kh2 Kf7 29. Bc5 Nc7 30. Re2 a5 31. Bd6 Nb5 32. Bxb4 Bxb4 33. Nxe6 Bd6+ 34. g3 Nc3 35. Re3 Rc2 36. Kg2 Be7 37. Nc7 f5 38. Nxd5 Nxd5 39. Bxd5+ Kf8 40. a4 Bf6 41. Rd3 Bg5 42. Bc4 Bxh6 43. d5 Ke7 44. d6+ Kd8 45. Bb5 Bg7 46. d7 Bf6 47. Rd5 Be7 48. Rd3 Bc5 49. Rf3 h5 50. Kf1 Rc1+ 51. Ke2 Rc2+ 52. Kd3 Rxf2 53. Rxf2 Bxf2 54. Bc4 Bxg3 55. Bf7 h4 56. Bxg6 f4 57. Bf5 f3 58. Ke3 f2 59. Ke2 Ke7 60. Kf1 Kd8 61. Kg2 Kc7 62. Kf1 Kd8 63. Kg2 Kc7 64. Kf1 Kd8 1/2-1/2


[Site "https://www.chess.com"]

[Event "Titled Tuesday Blitz May 03 Late 2022"]
[White "Abdyzhapar, Asylbek"]
[Black "Sztokbant, Bernardo Vainzoff"]
[WhiteFideId "13800337"]
[BlackFideId "2115956"]
[WhiteElo "2752"]
[BlackElo "2516"]
[Result "1-0"]
[Round "02"]
[TimeControl "180+1"]
[Date "2022.05.03"]
[WhiteClock "0:01:52"]
[BlackClock "0:02:04"]

1. d4 d5 2. Bf4 c6 3. c4 Nf6 4. cxd5 cxd5 5. Nc3 Nc6 6. e3 a6 7. Rc1 e6 8. Bd3 Bd6 9. Bxd6 Qxd6 10. f4 O-O 11. Nf3 b5 12. O-O Bb7 13. Ne5 Rac8 14. Bb1 b4 15. Na4 Nd7 16. Nxd7 Qxd7 17. Nb6 Qd6 18. Nxc8 Rxc8 19. Rc5 Rd8 20. Qa4 e5 21. fxe5 Nxe5 22. h3 Nc4 23. Qxb4 Nxe3 24. Rf3 Qe7 25. Qe1 Re8 26. Rc3 Nc4 27. Qxe7 Rxe7 28. b3 Kf8 1-0


[Site "https://www.chess.com"]

[Event "Titled Tuesday Blitz May 03 Late 2022"]
[White "Aggelis, Nikolaos"]
[Black "Tristan, Leonardo"]
[WhiteFideId "4213220"]
[BlackFideId "113816"]
[WhiteElo "2154"]
[BlackElo "2404"]
[Result "0-1"]
[Round "02"]
[TimeControl "180+1"]
[Date "2022.05.03"]
[WhiteClock "0:00:14"]
[BlackClock "0:01:22"]

1. d4 d5 2. Nf3 Nf6 3. g3 Bf5 4. Bg2 e6 5. c4 c6 6. Qb3 Qb6 7. c5 Qxb3 8. axb3 a6 9. Nc3 Nbd7 10. b4 Rc8 11. Nh4 Bg4 12. h3 Bh5 13. g4 Bg6 14. Nxg6 hxg6 15. Bf4 Be7 16. O-O Bd8 17. f3 Bc7 18. Bxc7 Rxc7 19. e4 g5 20. Kf2 Nf8 21. Rfe1 Kd7 22. Kg3 Ng6 23. e5 Ng8 24. Bf1 N8e7 25. b3 Rcc8 26. Ra2 Rh6 27. Rh2 Rch8 28. Bd3 Nf4 29. Bf1 f6 30. exf6 gxf6 31. Ne2 Nd3 32. Ra1 Nxb4 33. Nc3 f5 34. Rb2 Ng6 35. Ra4 Nf4 36. Rxb4 Rxh3+ 37. Bxh3 Rxh3+ 38. Kf2 Nd3+ 39. Kg2 Nf4+ 40. Kg1 Rxf3 41. Rxb7+ Kc8 42. Rb6 Rxc3 43. gxf5 exf5 44. Rxc6+ Kd7 45. Rxa6 g4 46. Rf6 g3 47. Rb1 Rc2 48. Rxf5 Nh3+ 49. Kf1 g2+ 50. Ke1 g1=Q+ 51. Rf1 Qe3+ 52. Kd1 Qd2# 0-1


[Site "https://www.chess.com"]

[Event "Titled Tuesday Blitz May 03 Late 2022"]
[White "Alekseenko, Kirill"]
[Black "Suarez Uriel, Adrian"]
[WhiteFideId "4135539"]
[BlackFideId "22230874"]
[WhiteElo "2682"]
[BlackElo "2316"]
[Result "0-1"]
[Round "02"]
[TimeControl "180+1"]
[Date "2022.05.03"]
[WhiteClock "0:01:52"]
[BlackClock "0:01:05"]

1. b3 e5 2. Bb2 Nc6 3. e3 Nf6 4. Bb5 Bd6 5. Na3 a6 6. Be2 O-O 7. Nc4 Qe7 8. Nxd6 Qxd6 9. d3 Re8 10. Nf3 b6 11. O-O Bb7 12. e4 Nd4 13. Nxd4 exd4 14. f4 Qc5 15. Bf3 d6 16. Qd2 a5 17. a3 b5 18. Rae1 Nd7 19. Qf2 Nf8 20. Bxd4 Qxa3 21. Qg3 Ng6 22. f5 Ne5 23. f6 g6 24. Qg5 Kh8 25. Qh6 Rg8 26. Bd1 g5 27. Rf5 Rg6 28. Qh5 Rag8 29. g4 a4 30. bxa4 Qxa4 31. Be3 Qb4 32. Rff1 d5 33. exd5 Bxd5 34. d4 Nd7 35. Qh3 Nxf6 36. Bxg5 Rxg5 37. Rxf6 Qxe1+ 38. Rf1 Qe4 0-1


[Site "https://www.chess.com"]

[Event "Titled Tuesday Blitz May 03 Late 2022"]
[White "Al-Tarboush, Ward"]
[Black "Kruckenhauser, Arthur"]
[WhiteFideId "7601450"]
[BlackFideId "1642812"]
[WhiteElo "2276"]
[BlackElo "2243"]
[Result "1-0"]
[Round "02"]
[TimeControl "180+1"]
[Date "2022.05.03"]
[WhiteClock "0:00:49"]
[BlackClock "0:00:06"]

1. e4 e5 2. Nf3 Nc6 3. Bb5 a6 4. Ba4 Nf6 5. O-O d6 6. c3 Bd7 7. d4 g6 8. Re1 Bg7 9. Nbd2 O-O 10. Nf1 Re8 11. Ng3 b5 12. Bc2 exd4 13. cxd4 Bg4 14. Be3 Nh5 15. Rc1 Nxg3 16. hxg3 Na5 17. b3 Rc8 18. d5 Nb7 19. b4 a5 20. a3 axb4 21. axb4 Bc3 22. Bd2 Bxd2 23. Qxd2 c5 24. dxc6 Rxc6 25. Nd4 Rb6 26. Bb3 Bd7 27. Qf4 Qe7 28. Rc7 Rc8 29. Rec1 Rxc7 30. Rxc7 Nd8 31. Qe3 Rb8 32. Ne2 Rc8 33. Rxc8 Bxc8 34. Nf4 Be6 35. Bd5 Qd7 36. Qb6 Kf8 37. Qb8 Ke7 38. Ne2 Bxd5 39. exd5 Qb7 40. Qxb7+ Nxb7 41. Nd4 Kf6 42. f4 Nd8 43. Nxb5 Ke7 44. Nd4 Kd7 45. Kf2 f6 46. g4 Nf7 47. Ke3 g5 48. g3 h6 49. Ke4 Ke7 50. b5 gxf4 51. gxf4 Nd8 52. Nf5+ Kd7 53. Nxh6 Kc7 54. g5 fxg5 55. fxg5 Kb6 56. g6 1-0


[Site "https://www.chess.com"]

[Event "Titled Tuesday Blitz May 03 Late 2022"]
[White "Andreikin, Dmitry"]
[Black "Ohanyan, Emin"]
[WhiteFideId "4158814"]
[BlackFideId "13312022"]
[WhiteElo "2736"]
[BlackElo "1927"]
[Result "0-1"]
[Round "02"]
[TimeControl "180+1"]
[Date "2022.05.03"]
[WhiteClock "0:00:12"]
[BlackClock "0:00:07"]

1. d4 Nf6 2. c4 e6 3. Nf3 d5 4. g3 Bb4+ 5. Bd2 Be7 6. Bg2 O-O 7. O-O Nbd7 8. Bc3 Ne4 9. Nbd2 Nxc3 10. bxc3 c5 11. a4 Nb6 12. a5 Nxc4 13. Nxc4 dxc4 14. Qa4 cxd4 15. cxd4 Bd7 16. Qxc4 Rc8 17. Qb3 Bc6 18. e3 Rc7 19. Ne5 Bxg2 20. Kxg2 Qd6 21. Rfc1 Rfc8 22. Rxc7 Rxc7 23. Qb5 Kf8 24. Rb1 a6 25. Qb3 Bf6 26. Nd3 Be7 27. Kg1 Qa3 28. Qxa3 Bxa3 29. Kg2 Ke7 30. Kf3 Kd7 31. g4 Kc8 32. h4 Bd6 33. g5 Rc3 34. Ke4 Ra3 35. Rc1+ Kd7 36. Nc5+ Bxc5 37. Rxc5 Ra2 38. Kf3 Rb2 39. Rc4 Rb5 40. Ra4 Kd6 41. Ke4 h6 42. f4 Rb1 43. Rc4 Rh1 44. Rc8 Rxh4 45. g6 f5+ 46. Kf3 Rg4 47. e4 Rxg6 48. e5+ Kd5 49. Rd8+ Kc4 50. Rd6 h5 51. d5 h4 52. dxe6 h3 53. Rd8 Rxe6 54. Rh8 b6 55. Rxh3 bxa5 56. Rh7 g6 57. Rd7 Kc5 58. Rc7+ Kb5 59. Rd7 Rc6 60. Rd5+ Kb6 61. Rd4 Kc5 62. Ra4 Kb5 63. Ra1 a4 64. Rb1+ Ka5 65. Re1 a3 66. e6 a2 67. e7 Rc8 68. Ra1 Re8 69. Rxa2+ Kb5 70. Re2 a5 71. Kg3 Kc5 72. Re5+ Kb6 73. Re6+ Kc5 74. Re5+ Kd6 75. Rxa5 Kxe7 76. Kh4 Kf6 77. Ra6+ Re6 78. Ra8 Re3 79. Ra6+ Kg7 80. Ra8 Rf3 81. Ra4 Kh6 82. Rb4 Re3 83. Ra4 Re4 84. Rxe4 fxe4 85. Kg4 Kg7 86. Kg3 Kf6 87. Kf2 Ke6 88. Ke2 Kf6 89. Kf2 Ke6 90. Ke2 Kd6 91. Kd2 Kc5 92. Kc3 Kd5 93. Kc2 Kd4 94. Kd2 e3+ 95. Ke2 Ke4 96. Kf1 Kxf4 97. Kg2 Kg4 98. Kh1 Kg3 99. Kg1 e2 100. Kh1 e1=Q# 0-1


[Site "https://www.chess.com"]

[Event "Titled Tuesday Blitz May 03 Late 2022"]
[White "Ansh M Shah"]
[Black "Gabrielian, Artur"]
[WhiteFideId "25033379"]
[BlackFideId "4131002"]
[WhiteElo "1819"]
[BlackElo "2440"]
[Result "0-1"]
[Round "02"]
[TimeControl "180+1"]
[Date "2022.05.03"]
[WhiteClock "0:01:59"]
[BlackClock "0:02:26"]

1. d4 Nf6 2. c4 g6 3. Nf3 Bg7 4. g3 O-O 5. Bg2 d6 6. O-O Nc6 7. d5 Na5 8. Nbd2 c5 9. Qc2 e6 10. e4 exd5 11. exd5 Bf5 12. Qd1 Bd3 13. Re1 Nxc4 14. Nb3 Bf5 15. Nh4 Bg4 16. Qc2 Nb6 17. h3 Bd7 18. Bf4 Qc7 19. Rad1 Rfe8 20. Rxe8+ Rxe8 21. Qc1 Ba4 22. Re1 Rxe1+ 23. Qxe1 Nbxd5 24. Qe4 Nxe4 0-1


[Site "https://www.chess.com"]

[Event "Titled Tuesday Blitz May 03 Late 2022"]
[White "Atanasov, Anthony"]
[Black "Coelho, Ramyres Santana"]
[WhiteFideId "2623897"]
[BlackFideId "2120690"]
[WhiteElo "1928"]
[BlackElo "1888"]
[Result "1-0"]
[Round "02"]
[TimeControl "180+1"]
[Date "2022.05.03"]
[WhiteClock "0:01:43"]
[BlackClock "0:00:52"]

1. d4 Nf6 2. Nf3 g6 3. Bf4 Nh5 4. Be5 f6 5. Bg3 Nxg3 6. hxg3 Bg7 7. Qd3 Kf7 8. e4 e6 9. Nc3 h5 10. e5 f5 11. d5 d6 12. dxe6+ Bxe6 13. O-O-O Nc6 14. exd6 cxd6 15. Qxd6 Bh6+ 16. Kb1 Qxd6 17. Rxd6 Rhd8 18. Rxd8 Rxd8 19. Bb5 a6 20. Bxc6 bxc6 21. Ne5+ Kf6 22. Nxc6 Rd2 23. Rf1 Bc4 24. Rd1 Rxf2 25. Rd6+ Kg5 26. b3 Bf1 27. Ne5 Bf8 28. Nf7+ Kg4 29. Rxg6# 1-0


[Site "https://www.chess.com"]

[Event "Titled Tuesday Blitz May 03 Late 2022"]
[White "Babazada, Khazar"]
[Black "Martinez Reyes, Pedro Ramon"]
[WhiteFideId "13413554"]
[BlackFideId "3901807"]
[WhiteElo "2406"]
[BlackElo "2410"]
[Result "1/2-1/2"]
[Round "02"]
[TimeControl "180+1"]
[Date "2022.05.03"]
[WhiteClock "0:00:12"]
[BlackClock "0:00:02"]

1. e4 e6 2. d4 d5 3. Nc3 Nf6 4. e5 Ne4 5. Nce2 f6 6. f3 Ng5 7. h4 Nf7 8. f4 c5 9. c3 Nc6 10. Nf3 Be7 11. a3 a5 12. g3 O-O 13. Bg2 b5 14. O-O Nh6 15. exf6 Bxf6 16. dxc5 Qe7 17. Be3 Ng4 18. Qd2 Nxe3 19. Qxe3 Bd7 20. b4 axb4 21. axb4 Rxa1 22. Rxa1 Nxb4 23. Ra7 Nc6 24. Rb7 Rb8 25. Rxb8+ Nxb8 26. g4 g6 27. Bh3 Na6 28. c6 Bxc6 29. g5 Bg7 30. Bxe6+ Kf8 31. f5 gxf5 32. g6 hxg6 33. Nf4 Qf6 34. Qa7 Bh6 35. Ng5 Bxg5 36. hxg5 Qxg5+ 37. Kh1 d4+ 38. Nd5 Qh4+ 39. Kg1 Qg3+ 40. Kf1 Qd3+ 41. Kf2 Qd2+ 42. Kf1 Qd1+ 43. Kf2 Qc2+ 44. Kg3 Qd3+ 45. Kf2 Qd2+ 46. Kg3 Qg5+ 47. Kf2 Qd2+ 1/2-1/2


[Site "https://www.chess.com"]

[Event "Titled Tuesday Blitz May 03 Late 2022"]
[White "Barria Zuniga, Daniel"]
[Black "Narayanan.S.L"]
[WhiteFideId "3400816"]
[BlackFideId "5058422"]
[WhiteElo "2414"]
[BlackElo "2494"]
[Result "0-1"]
[Round "02"]
[TimeControl "180+1"]
[Date "2022.05.03"]
[WhiteClock "0:00:37"]
[BlackClock "0:00:55"]

1. c4 Nf6 2. g3 g6 3. Bg2 Bg7 4. Nc3 O-O 5. d4 d6 6. e3 Nc6 7. Nge2 e5 8. O-O h5 9. h3 Bf5 10. d5 Ne7 11. e4 Bd7 12. Be3 Nh7 13. Qd2 f5 14. f3 Nf6 15. c5 Kh7 16. a4 Neg8 17. a5 a6 18. b4 Bh6 19. Bxh6 Nxh6 20. Rfc1 fxe4 21. fxe4 Qe7 22. Nd1 Rf7 23. c6 bxc6 24. dxc6 Be6 25. Ne3 Raf8 26. Nc3 Kg7 27. b5 axb5 28. a6 Nh7 29. a7 Ra8 30. Nxb5 Ng5 31. Nd5 Bxd5 32. exd5 Nf3+ 33. Bxf3 Rxf3 34. Kg2 e4 35. Qd4+ Kh7 36. Re1 Nf5 37. Qxe4 Rxg3+ 38. Kh2 Qg5 39. Rg1 Qd2+ 40. Kh1 Rxh3# 0-1


[Site "https://www.chess.com"]

[Event "Titled Tuesday Blitz May 03 Late 2022"]
[White "Bas Mas, Jose Joaquin"]
[Black "Akrakan"]
[WhiteFideId "22219064"]
[WhiteElo "2212"]
[BlackElo "2150"]
[Result "1-0"]
[Round "02"]
[TimeControl "180+1"]
[Date "2022.05.03"]
[WhiteClock "0:02:11"]
[BlackClock "0:02:11"]

1. e4 c5 2. Nc3 Nc6 3. Bb5 Nf6 4. Bxc6 bxc6 5. f4 e6 6. Nf3 Be7 7. O-O d5 8. e5 Nd7 9. d3 Rb8 10. b3 Qa5 11. Bd2 Qc7 12. Qe1 Ba6 13. Qg3 Rg8 14. Ng5 h6 15. Nxf7 Kxf7 16. f5 Qxe5 17. fxe6+ Kxe6 18. Rae1 Qxe1 1-0


[Site "https://www.chess.com"]

[Event "Titled Tuesday Blitz May 03 Late 2022"]
[White "Beerdsen, Thomas"]
[Black "Mikhalsky, Vladimir"]
[WhiteFideId "1030108"]
[BlackFideId "14144352"]
[WhiteElo "2725"]
[BlackElo "2442"]
[Result "1-0"]
[Round "02"]
[TimeControl "180+1"]
[Date "2022.05.03"]
[WhiteClock "0:00:54"]
[BlackClock "0:00:19"]

1. e4 c5 2. Nf3 Nc6 3. d4 cxd4 4. Nxd4 Nf6 5. Nc3 e5 6. Ndb5 d6 7. Bg5 a6 8. Na3 Be7 9. Bxf6 Bxf6 10. Nd5 Bg5 11. h4 Bh6 12. g4 Bf4 13. Nc4 O-O 14. Ndb6 Rb8 15. Nxc8 Rxc8 16. c3 Rc7 17. a4 Rd7 18. Bg2 Ne7 19. Qb3 d5 20. exd5 Nxd5 21. Rd1 Nf6 22. g5 Nd5 23. O-O h6 24. Nxe5 Bxe5 25. Rxd5 Bb8 26. Rfd1 Rxd5 27. Rxd5 Qc7 28. g6 Qh2+ 29. Kf1 Qxh4 30. Rf5 Qe7 31. gxf7+ Kh8 32. Qxb7 Qd6 33. Qd5 Qb6 34. b4 Qc7 35. Qc5 Qd8 36. Qd4 Qc7 37. Rh5 Qc6 38. Bxc6 1-0


[Site "https://www.chess.com"]

[Event "Titled Tuesday Blitz May 03 Late 2022"]
[White "Bifulco, Michel"]
[Black "Kim, Sergey"]
[WhiteFideId "828580"]
[BlackFideId "13700570"]
[WhiteElo "2165"]
[BlackElo "2527"]
[Result "0-1"]
[Round "02"]
[TimeControl "180+1"]
[Date "2022.05.03"]
[WhiteClock "0:00:02"]
[BlackClock "0:00:32"]

1. d4 Nf6 2. Nc3 d5 3. Bf4 Bf5 4. f3 e6 5. g4 Bg6 6. h4 h6 7. e3 a6 8. Bd3 Bxd3 9. Qxd3 Bd6 10. Nge2 Qe7 11. O-O-O Nc6 12. g5 Nh5 13. gxh6 gxh6 14. Bxd6 Qxd6 15. e4 Nf4 16. Nxf4 Qxf4+ 17. Kb1 O-O-O 18. Ne2 Qf6 19. e5 Qe7 20. Nf4 Rdg8 21. Nh5 Rg2 22. Nf6 Qb4 23. a3 Qb6 24. b3 Rd8 25. f4 Kb8 26. f5 Ka7 27. fxe6 fxe6 28. Rhf1 Na5 29. Rg1 Rh2 30. Rh1 Rxh1 31. Rxh1 c5 32. dxc5 Qxc5 33. b4 Qb6 34. Ka2 Nc4 35. Re1 Qf2 36. Re2 Qxh4 37. Rg2 Qe1 38. Re2 Qc1 39. Qb3 Qd1 40. Rg2 Ka8 41. Rg7 Nd2 42. Qb2 Rc8 43. Nxd5 exd5 44. e6 Rxc2 45. e7 Qb1# 0-1


[Site "https://www.chess.com"]

[Event "Titled Tuesday Blitz May 03 Late 2022"]
[White "Biletskiy, Danylo"]
[Black "Quesada Perez, Yuniesky"]
[WhiteFideId "14155419"]
[BlackFideId "3504409"]
[WhiteElo "2087"]
[BlackElo "2622"]
[Result "0-1"]
[Round "02"]
[TimeControl "180+1"]
[Date "2022.05.03"]
[WhiteClock "0:00:05"]
[BlackClock "0:00:17"]

1. e4 c5 2. Nf3 e6 3. d3 d5 4. Nbd2 Nf6 5. g3 Nc6 6. Bg2 Be7 7. O-O O-O 8. e5 Nd7 9. Re1 Qc7 10. Qe2 b5 11. h4 Bb7 12. Nf1 Rfc8 13. N1h2 Nd4 14. Qd1 b4 15. Bf4 a5 16. h5 Nxf3+ 17. Bxf3 a4 18. Ng4 Qd8 19. Qd2 c4 20. d4 c3 21. bxc3 Rxc3 22. Re3 Rac8 23. Rxc3 Rxc3 24. Be2 Nb8 25. Bd3 Nc6 26. Be3 h6 27. f4 Na5 28. f5 exf5 29. Nxh6+ gxh6 30. Bxh6 Bc8 31. Rf1 Qb6 32. Qf2 Qxh6 33. Bxf5 Bxf5 34. Qxf5 Rxg3+ 35. Kh2 Rg7 36. Qc8+ Bf8 37. Qf5 Nc6 38. Rf4 Ne7 39. Qf6 Qxh5+ 40. Rh4 Qe2+ 0-1


[Site "https://www.chess.com"]

[Event "Titled Tuesday Blitz May 03 Late 2022"]
[White "Mandura, Tijana"]
[Black "Rengifo Blancas, Renzo Jhonathan"]
[WhiteFideId "16500270"]
[BlackFideId "3807185"]
[WhiteElo "2169"]
[BlackElo "2058"]
[Result "1-0"]
[Round "02"]
[TimeControl "180+1"]
[Date "2022.05.03"]
[WhiteClock "0:01:42"]
[BlackClock "0:00:26"]

1. d4 d5 2. c4 c6 3. Nc3 Nf6 4. cxd5 cxd5 5. Nf3 Nc6 6. Bf4 a6 7. e3 Qb6 8. Qd2 e6 9. Bd3 Nb4 10. Bb1 Ne4 11. Bxe4 dxe4 12. Nxe4 Nd5 13. Bg3 Bb4 14. Nc3 Bd7 15. a3 Bxc3 16. bxc3 Bb5 17. a4 Bc4 18. Ne5 Qb3 19. f3 Rc8 20. Kf2 Nxc3 21. Rhc1 Bd5 22. Rab1 Nxb1 23. Rxc8+ Ke7 24. Qc2 Rxc8 25. Qxc8 Qc3 26. Qd7+ 1-0


[Site "https://www.chess.com"]